 Dungeon Crawl Stone Soup version 0.26-a0-21-gf97e55dc39 (webtiles) character file.

Game seed: 485172688122565946, levelgen mode: deterministic

32 Esekla the Grasshopper (level 3, -4/24 HPs)
             Began as an Octopode Warper on May 26, 2020.
             Slain by a gnoll
             ... wielding a +0 spear
              (11 damage)
             ... on level 2 of the Dungeon.
             The game lasted 00:04:39 (936 turns).

Esekla the Grasshopper (Octopode Warper)             Turns: 936, Time: 00:04:40

Health: -4/24      AC:  1    Str: 10    XL:     3   Next: 25%
Magic:  6/6        EV: 10    Int: 15    God:
Gold:   20         SH:  0    Dex: 12    Spells: 2/6 levels left

rFire    . . .     SeeInvis .   a - +1 falchion
rCold    . . .     Gourm    .   (no shield)
rNeg     . . .     Faith    .   (helmet restricted)
rPois    .         Spirit   .   (no amulet)
rElec    .         Reflect  .   i - -4 ring of evasion (curse)
rCorr    .         Harm     .   (no ring)
MR       .....                  (no ring)
Stlth    ++........             (no ring)
HPRegen  0.08/turn              (no ring)
MPRegen  0.10/turn              (no ring)
                                (no ring)
                                (no ring)

@: no status effects
A: almost no armour, stealthy swim, amphibious, 8 rings, constrict 8, camouflage
1, gelatinous body 1
a: no special abilities


You were on level 2 of the Dungeon.
You were not hungry.

You visited 1 branch of the dungeon, and saw 2 of its levels.

You collected 20 gold pieces.

Inventory:

Hand Weapons
 a - a +1 falchion (weapon)
 k - a +2 rapier of flaming
Missiles
 d - 5 boomerangs of dispersal (quivered)
 m - 16 poisoned darts
Jewellery
 i - a cursed -4 ring of evasion (left tentacle)
Scrolls
 b - a scroll of enchant weapon
 c - a scroll of blinking
 l - a scroll of teleportation
Potions
 e - 2 potions of brilliance {unknown}
 g - 3 potions of curing
 h - a potion of stabbing {unknown}
 j - 2 potions of flight {unknown}
Comestibles
 f - 2 rations


   Skills:
 + Level 2.1 Fighting
 * Level 2.5 Long Blades
 - Level 1.0 Throwing
 * Level 2.8 Dodging
 + Level 2.3 Spellcasting
 + Level 3.2 Translocations


You had 2 spell levels left.
You knew the following spells:

 Your Spells              Type           Power        Failure   Level  Hunger
a - Shroud of Golubria    Chrm/Tloc      #.....       17%         2    ###....
b - Blink                 Tloc           N/A          9%          2    ###....

Your spell library contained the following spells:

 Spells                   Type           Power        Failure   Level  Hunger
 Gell's Gravitas          Tloc           ##........   17%         3    ###....
 Lesser Beckoning         Tloc           ##........   17%         3    ###....
 Teleport Other           Tloc           ##......     17%         3    ###....
 Passage of Golubria      Tloc           N/A          50%         4    #####..


Dungeon Overview and Level Annotations

Branches:
Dungeon (2/15)

Altars:
Ashenzari


Innate Abilities, Weirdness & Mutations

You cannot wear most types of armour.
You are very stealthy in the water. (Stealth+)
You are amphibious.
You can wear up to eight rings at the same time.
You can use your tentacles to constrict eight enemies at once.
Your skin changes colour to match your surroundings (Stealth+).
Your rubbery body absorbs attacks. (AC +1, EV +1)


Message History

Found an escape hatch in the ceiling.
A gnoll comes into view. It is wielding a +0 spear.
Found a stone staircase leading down.
A rat and a gnoll come into view.
A gnoll comes into view. It is wielding a +0 spear.
The gnoll shouts!
The gnoll hits you from afar with a +0 spear!
Found 25 stones.
The gnoll completely misses you.
You see here 16 poisoned darts.
m - 16 poisoned darts The gnoll misses you.
You riposte.
The gnoll shouts! x2
You hit the gnoll. You grab the gnoll.
The gnoll is moderately wounded.
You release your grip on the gnoll.
The rat bites you.
The gnoll hits you from afar with a +0 spear!
* * * LOW HITPOINT WARNING * * *
The gnoll hits you from afar with a +0 spear!
You die...

....#.#...#..
..........(.#
#.............. #
#..#........#..
#.##.>...........
#..............#
#.#....r.......# #
#....<.@.......##.#
....g.............#
.....gg............
###...............#
#.###.###.#.#####
#. #.#..........
#.###.#.#.#......
#.........#.#####
#####.#.#.# #


You could see 3 gnolls and a rat.

Vanquished Creatures
  A dart slug (D:1)
  2 leopard geckos
  5 bats
  2 giant cockroaches
  4 goblins (D:1)
  2 hobgoblins (D:1)
  A frilled lizard (D:1)
  7 kobolds
  A rat (D:1)
25 creatures vanquished.

Notes
Turn   | Place    | Note
-------+----------+-------------------------------------------
     0 | D:1      | Esekla the Octopode Warper began the quest for the Orb.
     0 | D:1      | Reached XP level 1. HP: 14/14 MP: 3/3
    69 | D:1      | Reached XP level 2. HP: 18/19 MP: 5/5
    78 | D:1      | Learned a level 2 spell: Shroud of Golubria
    81 | D:1      | Learned a level 2 spell: Blink
   531 | D:1      | Found a shattered altar of Ashenzari.
   693 | D:1      | Reached XP level 3. HP: 21/24 MP: 6/6
   936 | D:2      | Slain by a gnoll

Illustrated notes

Levels and vault maps discovered:
D:1:      nagdon_arrival_zigzag_paths, layout_loops_ring,
          minmay_misc_feat_columns, evilmike_ruin_ashenzari
D:2:      layout_basic

Action                   || total
-------------------------++-------
Melee: Falchion          ||    35
       Constrict         ||    13
       Tentacles         ||     6
  Use: Scroll            ||     5
 Stab: Sleeping          ||     1
Armor: Skin              ||     7
Dodge: Dodged            ||    32
       Rpst.: Falchion   ||    13

Table legend:
 A = Non-vault XP
 B = Vault XP
 C = Vault XP percentage of total XP
 D = Non-vault monster count
 E = Vault monster count
 F = Vault count percentage of total count
                 A         B        C        D         E       F
            +---------+---------+-------+---------+---------+-------
      Total |      46 |       0 |   0.0 |      25 |       0 |   0.0
            +---------+---------+-------+---------+---------+-------
        D:1 |      35 |       0 |   0.0 |      20 |       0 |   0.0
        D:2 |      11 |       0 |   0.0 |       5 |       0 |   0.0
            +---------+---------+-------+---------+---------+-------
